 Dungeon Crawl Stone Soup version 0.29.1-15-g9cfb28693d (webtiles) character file.

Game seed: 15766307172661681712

3904 HOAXBANE the Cutter (level 10, -6/67 HPs)
             Began as a Human Artificer on Mar 4, 2023.
             Was a Follower of Nemelex Xobeh.
             Mangled by a fire elemental (13 damage)
             ... summoned by a deep elf pyromancer
             ... on level 7 of the Dungeon.
             The game lasted 01:51:30 (9522 turns).

HOAXBANE the Cutter (Human Artificer)               Turns: 9522, Time: 01:51:31

Health: -6/67      AC:  7    Str: 13    XL:     10   Next: 43%
Magic:  10/16      EV: 15    Int: 11    God:    Nemelex Xobeh [*.....]
Gold:   403        SH:  0    Dex: 18    Spells: 12/17 levels left

rFire   . . .      SeeInvis +   a - +1 flail (protect)
rCold   . . .      Faith    .   (no shield)
rNeg    . . .      Spirit   .   v - +0 robe of the Tormentor {Regen+ Slay+2}
rPois   .          Reflect  .   (no helmet)
rElec   .          Harm     .   (no cloak)
rCorr   .          Rampage  .   n - +2 pair of gloves
Will    .....                   w - +1 pair of boots
Stlth   +++.......              (no amulet)
HPRegen 1.01/turn               D - ring of see invisible
MPRegen 0.15/turn               I - ring of wizardry

@: hasted, very quick
A: no striking features
a: Renounce Religion, Draw Escape, Draw Destruction, Draw Summoning


You were on level 7 of the Dungeon.
You worshipped Nemelex Xobeh.
Nemelex Xobeh was aware of your devotion.
You visited 2 branches of the dungeon, and saw 8 of its levels.
You also visited: Sewer.

You collected 403 gold pieces.

Inventory:

Hand Weapons
 a - a +1 flail of protection (weapon)
 b - a +0 shortbow
 h - a +2 vampiric dagger
 F - a +0 dagger of electrocution
 L - a +2 short sword of draining
Missiles
 o - 12 poisoned darts (quivered)
 q - 3 silver javelins
 B - a curare-tipped dart
Armour
 n - a +2 pair of gloves (worn)
 u - a +0 scale mail
 v - the +0 robe of the Tormentor (worn) {Regen+ Slay+2}
   (You found it on level 4 of the Dungeon)

   Slay:      It affects your accuracy & damage with ranged weapons and melee
   (+2).
   Regen:     It increases your rate of health regeneration.
 w - a +1 pair of boots (worn)
 K - an orb of energy
Jewellery
 D - a ring of see invisible (left hand)
 I - a ring of wizardry (right hand)
Wands
 c - a wand of flame (17)
 d - a wand of charming (7)
 e - a wand of iceblast (4)
 y - a wand of polymorph (2)
 J - a wand of roots (6)
Scrolls
 k - 3 scrolls of fog
 m - a scroll of torment {unknown}
 p - 3 scrolls of fear
 r - 2 scrolls of amnesia
 z - a scroll of blinking
 A - a scroll of summoning {unknown}
 C - a scroll of magic mapping {unknown}
Potions
 f - a potion of berserk rage
 g - a potion of attraction
 i - a potion of ambrosia {unknown}
 l - 2 potions of haste
 s - 2 potions of lignification
 t - 3 potions of curing
 x - 2 potions of might
 E - a potion of brilliance {unknown}
 G - a potion of magic {unknown}
 H - a potion of mutation {unknown}


   Skills:
 - Level 2.2 Fighting
 - Level 6.0 Short Blades
 + Level 0.2 Maces & Flails
 - Level 3.0 Ranged Weapons
 - Level 4.3 Armour
 - Level 6.0 Dodging
 - Level 5.1 Stealth
 - Level 4.0 Spellcasting
 - Level 5.1 Air Magic
 - Level 5.0 Poison Magic
 - Level 3.0 Evocations


You had 12 spell levels left.
You knew the following spells:

 Your Spells              Type           Power      Damage    Failure   Level
a - Swiftness             Air            13%        N/A       3%          3
b - Poisonous Vapours     Pois/Air       26%        N/A       1%          2

Your spell library contained the following spells:

 Spells                   Type           Power      Damage    Failure   Level
 Ensorcelled Hibernation  Hex/Ice        4%         N/A       14%         2
 Passwall                 Tmut/Erth      1%         N/A       14%         2
 Corpse Rot               Necr/Pois/Air  9%         N/A       24%         4


Dungeon Overview and Level Annotations

Branches:
Dungeon (7/15)             Temple (1/1) D:5           Sewer (visited)

Altars:
Ashenzari
Nemelex Xobeh
Ru
Sif Muna
Uskayaw
Vehumet
Wu Jian
Xom
Yredelemnul
The Shining One


Message History

There is an open door here.
Press: ? - help, v - describe, . - travel
Here: a gargoyle, wielding a +0 flail The floor.
Unknown command.
Press: ? - help, v - describe, . - travel
Here: a gargoyle, wielding a +0 flail The floor.
You draw a card...
You have drawn the Storm.
A fierce wind blows from the card.
The fire elemental is blown away by the wind.
The electrical discharge engulfs the gargoyle.
The gargoyle resists.
The gargoyle is lightly damaged.
You hear mighty peals of thunder!
The gargoyle hurls a stone arrow at you.
The stone arrow misses you.
You draw a card...
You have drawn the Pentagram.
The deck of cards glows with a rainbow of weird colours and disappears.
The fire elemental barely misses you. x2
The fire elemental hits your ice devil.
The fire elemental burns your ice devil!
Your ice devil is burned terribly!
The gargoyle hurls a stone arrow at you.
The stone arrow hits you!
* * * LOW HITPOINT WARNING * * *
Press: ? - help, v - describe, . - travel
Here: an ice devil (moderately wounded, summoned, friendly)
The floor.
Unknown command.
Your hell hound bites the fire elemental.
Your ice devil misses the fire elemental.
Press: ? - help, v - describe, . - travel
Here: an ice devil (moderately wounded, summoned, friendly)
The floor.
You feel yourself speed up. The fire elemental hits you.
The fire elemental burns you!
* * * LOW HITPOINT WARNING * * *
The fire elemental hits you. The fire elemental burns you!
You die...
Your body disappears without a glow.

...#.........#..#....#...#.......
...#.........+.#######...'.......
...#.........#.##...##...#.......
...#....##..##.#.....############
...#....##..####.....#...........
...#....##.....#.....#.......(...
...#....#......##...##...........
...#....##########'###...........
...#'######...##@E...............
.........#?....#E4☼○...####....##
.........#[..9.'h°8.°..# #.○..#
.........#)....#.......# #☼○..#
.........##...##....°e.####.E..##
'##...)..##### ###'###..☼..e.....
..#......'. ...##.☼○°°.°....
..'......#. ....#..○........
..#......#.. ....#...........


You could see a deep elf pyromancer (very poisoned), 2 fire elementals, a
friendly ice devil (summoned) and a friendly hell hound (summoned).

Vanquished Creatures
  Pikel (D:7)
  An unseen horror (D:7)
  Prince Ribbit (D:6)
  2 water moccasins
  4 orc warriors
  3 ice beasts (D:6)
  4 ogres
  4 black bears
  A centaur (D:7)
  2 phantoms
  A kobold brigand (D:6)
  A bullfrog (D:7)
  2 scorpions
  6 killer bees (D:7)
  2 howler monkeys
  2 jellies
  An orc priest (D:7)
  A hound (D:4)
  A gnoll bouda (D:4)
  Natasha (thrice) (D:2)
  2 iguanas (D:6)
  4 orc wizards
  6 gnolls
  8 adders
  A white imp (D:6)
  3 ufetubi
  2 worms (D:5)
  2 dart slugs
  12 orcs
  7 endoplasms
  7 giant cockroaches
  7 hobgoblins
  12 jackals
  11 kobolds
  6 quokkas
  6 ball pythons
  6 bats
  3 frilled lizards
  7 goblins
  13 rats
168 creatures vanquished.

Vanquished Creatures (collateral kills)
  2 orc priests
  An iguana (D:6)
  2 gnolls
  2 orcs (D:5)
  A kobold (D:2)
8 creatures vanquished.

Vanquished Creatures (others)
  A centaur (D:6)
  An ogre (D:5)
  2 scorpions (D:6)
  An iguana (D:6)
  A gnoll (D:2)
  An adder (D:6)
  11 plants (D:1)
18 creatures vanquished.

Grand Total: 194 creatures vanquished

Notes
Turn   | Place    | Note
-------+----------+-------------------------------------------
     0 | D:1      | HOAXBANE the Human Artificer began the quest for the Orb.
     0 | D:1      | Reached XP level 1. HP: 15/15 MP: 1/1
   272 | D:1      | Reached XP level 2. HP: 19/21 MP: 2/2
   645 | D:1      | Reached XP level 3. HP: 6/26 MP: 3/3
  1116 | D:1      | Reached skill level 1 in Ranged Weapons
  1776 | D:1      | Found a faded altar of an unknown god.
  1848 | D:2      | Noticed Natasha
  1863 | D:2      | Reached XP level 4. HP: 32/32 MP: 4/4
  1868 | D:2      | Killed Natasha
  2260 | D:2      | Noticed Natasha
  2263 | D:2      | Killed Natasha
  2264 | D:2      | Reached XP level 5. HP: 37/37 MP: 5/5
  2299 | D:2      | Noticed Natasha
  2302 | D:2      | Killed Natasha
  3221 | D:3      | Reached XP level 6. HP: 43/43 MP: 6/6
  4026 | D:4      | Identified the +0 robe of the Tormentor {Regen+ Slay+2}
  4110 | D:4      | Noticed an ogre
  4118 | D:4      | Killed an ogre
  4128 | D:4      | Reached XP level 7. HP: 44/48 MP: 7/7
  4639 | D:5      | Entered Level 5 of the Dungeon
  4791 | D:5      | Found a glowing drain.
  4800 | Sewer    | Entered a sewer
  4858 | Sewer    | Noticed a water moccasin
  4866 | Sewer    | Killed a water moccasin
  5038 | D:4      | Reached skill level 1 in Short Blades
  5543 | D:5      | Learned a level 3 spell: Swiftness
  5564 | D:5      | Reached XP level 8. HP: 55/56 MP: 8/8
  5614 | D:5      | Reached skill level 1 in Air Magic
  5770 | D:5      | Reached skill level 1 in Spellcasting
  5859 | D:5      | Found a staircase to the Ecumenical Temple.
  5864 | Temple   | Entered the Ecumenical Temple
  5908 | Temple   | Became a worshipper of Nemelex Xobeh the Trickster
  6612 | D:6      | Reached skill level 5 in Air Magic
  6672 | D:6      | Noticed Prince Ribbit
  6789 | D:6      | Found a hide-covered altar of Uskayaw.
  6793 | D:6      | Found a radiant altar of Vehumet.
  6852 | D:6      | Reached XP level 9. HP: 58/61 MP: 12/12
  6890 | D:6      | Killed Prince Ribbit
  6981 | D:5      | Reached skill level 5 in Stealth
  7482 | D:6      | Learned a level 2 spell: Poisonous Vapours
  7530 | D:6      | Reached skill level 1 in Poison Magic
  7575 | D:6      | Found a shimmering altar of Xom.
  7690 | D:6      | Found a sacrificial altar of Ru.
  8341 | D:7      | Reached * piety under Nemelex Xobeh
  8366 | D:7      | Noticed Pikel
  8405 | D:7      | Killed Pikel
  8406 | D:7      | Reached skill level 5 in Short Blades
  8406 | D:7      | Reached XP level 10. HP: 61/67 MP: 2/16
  8544 | D:7      | Received a gift from Nemelex Xobeh
  8620 | D:7      | Reached skill level 5 in Poison Magic
  8998 | D:7      | Reached skill level 5 in Dodging
  9130 | D:7      | Noticed an unseen horror
  9145 | D:7      | Killed an unseen horror
  9431 | D:7      | Noticed a deep elf pyromancer
  9517 | D:7      | Noticed a gargoyle
  9522 | D:7      | Mangled by a fire elemental

Illustrated notes

Levels and vault maps discovered:
D:1:      lightli_molten_gateway, layout_loops_corners,
          dilly_ecumenical_altar_fadedgnrine
D:2:      layout_basic, uniq_natasha
D:3:      layout_loops_cross
D:4:      layout_rooms
D:5:      layout_gridville, temple_doors_cd, gup_sewer_entry_bubbles,
          minmay_hedge_maze, minmay_misc_feat_five
D:6:      layout_basic, xom_confusion_cloud, lemuel_coloured_pillars_altar,
          minitemple, uniq_prince_ribbit1
D:7:      layout_gridville, serial_glass, glass_columns_b, glass_columns_c,
          feat_on_display, st_stairs_4, minmay_three_doors, uniq_pikel
Temple:   regret_index_temple_waves

Skill      XL: |  1  2  3  4  5  6  7  8  9 10 |
---------------+-------------------------------+-----
Dodging        | 2 3 4 6 |  6.0
Ranged Weapons | 1 2 3 |  3.0
Armour         | 3 4 |  4.3
Stealth        | 2 3 5 |  5.1
Short Blades   | 2 5 6 |  6.0
Fighting       | 2 |  2.2
Air Magic      | 5 |  5.1
Spellcasting   | 2 4 |  4.0
Poison Magic   | 4 5 |  5.0
Maces & Flails | |  0.2
Evocations     | |  3.0

Action                   |  1- 3 |  4- 6 |  7- 9 | 10-12 || total
-------------------------+-------+-------+-------+-------++-------
Melee: Club              |    43 |       |       |       ||    43
       Punch             |     1 |     1 |     7 |     1 ||    10
       Dagger            |       |    48 |   147 |       ||   195
       Unarmed           |       |       |     4 |       ||     4
       Short sword       |       |       |    70 |    23 ||    93
       Flail             |       |       |       |     1 ||     1
 Fire: Sling             |   114 |   112 |   124 |     4 ||   354
       Shortbow          |       |       |       |    18 ||    18
Throw: Dart              |       |       |    47 |     4 ||    51
 Cast: Poisonous Vapours |       |       |    32 |    39 ||    71
       Swiftness         |       |       |     3 |     1 ||     4
Invok: Draw Destruction  |       |       |       |     3 ||     3
       Draw Escape       |       |       |       |     1 ||     1
       Draw Summoning    |       |       |       |     1 ||     1
Evoke: Wand              |     1 |    15 |    16 |     2 ||    34
  Use: Scroll            |     1 |     6 |    10 |     3 ||    20
       Potion            |       |       |       |     2 ||     2
 Stab: Sleeping          |       |       |     2 |       ||     2
Armor: Leather armour    |    44 |     7 |       |       ||    51
       Ring mail         |       |     5 |       |       ||     5
       Scale mail        |       |    21 |       |       ||    21
       Robe              |       |     5 |    49 |    13 ||    67
Dodge: Dodged            |   125 |    66 |   139 |    65 ||   395
